 Dungeon Crawl Stone Soup version 0.20-a0-1058-g0491fde (webtiles) character file.

86 Gorglomux the Chopper (level 4, -3/37 HPs)
             Began as a Hill Orc Skald on Apr 26, 2017.
             Slain by a goblin (6 damage)
             ... led by Robin
             ... on level 2 of the Dungeon.
             The game lasted 00:02:55 (1246 turns).

Gorglomux the Chopper (Hill Orc Skald)              Turns: 1246, Time: 00:02:55

Health: -3/37      AC:  3    Str: 13    XL:     4   Next: 50%
Magic:  0/6        EV: 12    Int: 13    God:
Gold:   93         SH:  0    Dex: 16    Spells: 3/6 levels left

rFire    . . .     SeeInvis .   a - +0 hand axe
rCold    . . .     Gourm    .   (no shield)
rNeg     . . .     Faith    .   b - +0 leather armour
rPois    .         Spirit   .   (no helmet)
rElec    .         Reflect  .   (no cloak)
rCorr    .         Harm     .   (no gloves)
MR       .....                  (no boots)
Stlth    +.........             (no amulet)
Regen    0.2/turn               f - +5 ring of dexterity
MPRegen  0.1/turn               (no ring)

@: infused, singing
A: no striking features
a: no special abilities


You were on level 2 of the Dungeon.
You were not hungry.

You visited 1 branch of the dungeon, and saw 2 of its levels.

You collected 93 gold pieces.

Inventory:

Hand Weapons
 a - a +0 hand axe (weapon)
Missiles
 m - 5 tomahawks of dispersal {=f}
Armour
 b - a +0 leather armour (worn)
Jewellery
 f - a +5 ring of dexterity (left hand)
   (You found it on level 1 of the Dungeon)
Scrolls
 e - a scroll of identify {unknown}
 i - a scroll of fear {unknown}
 j - a scroll of magic mapping {unknown}
 l - a scroll of teleportation {unknown}
Potions
 h - 2 potions of heal wounds {unknown}
Books
 c - a book of Battle
Comestibles
 d - a bread ration {@e1@e1}
 g - 3 royal jellies
 k - 8 chunks of flesh {@w0@w0}


   Skills:
 - Level 2.4 Fighting
 + Level 6.1 Axes
 - Level 1.1 Armour
 - Level 1.5 Dodging
 - Level 1.5 Spellcasting
 - Level 2.6 Charms


You had 3 spell levels left.
You knew the following spells:

 Your Spells              Type           Power        Failure   Level  Hunger
a - Infusion              Chrm           #...         11%         1    ##.....
S - Song of Slaying       Chrm           #.......     17%         2    ###....


Dungeon Overview and Level Annotations

Branches:
Dungeon (2/15)

Altars:

Annotations:
D:2 Robin


Message History

A goblin comes into view.
The goblin shouts!
The goblin wields a hunting sling.
The goblin shoots a stone.
The stone misses you.
Jessica the Apprentice Sorceress comes into view.
She is wielding a dagger.
You begin infusing your attacks with magical energy.
Jessica shouts!
A hobgoblin comes into view. It is wielding a club.
You now have 4/5 mp.
A goblin comes into view.
Jessica casts a spell.
Jessica blinks! 2 goblins, 2 hobgoblins and Robin come into view.
Robin shouts!
The goblin shouts!
The hobgoblin shouts!
The goblin shouts!
The hobgoblin moves out of view.
The goblin shoots a stone.
The stone misses you. 3 goblins and 2 hobgoblins come into view.
The hobgoblin shouts!
The goblin shouts! x2
Robin roars a battlecry!
The goblins go into a battle-frenzy!
The goblin shouts!
The hobgoblin shouts!
You hear a shout!
The goblin shouts!
You hear a shout!
Unknown command.
You hit Jessica!
The goblin shoots a stone.
The stone hits you.
Jessica casts a spell.
Jessica blinks!
Robin throws the goblin at you! 2 goblins come into view.
You hit the goblin.
You kill the goblin!
The goblin moves out of view.
Robin throws the goblin at you! The goblin hits you but does no damage.
You take 3 damage, and have 24/30 hp.
You now have 2/5 mp.
You start singing a song of slaying.
Jessica points at you and mumbles some strange words.
Pain shoots through your body! The hobgoblin closely misses you.
The goblin barely misses you. Robin throws the goblin at you!
Unknown command.
You take 3 damage, and have 21/30 hp.
You now have 0/5 mp.
You barely miss the goblin. You hit the goblin. x2
You kill the goblin!
You hit the hobgoblin. The goblin hits you but does no damage.
The goblin hits you. The hobgoblin barely misses you.
Robin throws the goblin at you! The goblin hits you with a dagger.
You take 4 damage, and have 17/30 hp.
Unknown command.
You barely miss the goblin. You completely miss the goblin.
You closely miss the goblin. You closely miss Jessica.
You closely miss the goblin. You barely miss the hobgoblin.
The goblin hits you but does no damage. The goblin completely misses you.
Jessica hits you but does no damage. The goblin barely misses you.
The hobgoblin completely misses you. The goblin barely misses you.
Unknown command.
You closely miss the goblin. You barely miss the goblin. x2
You closely miss Jessica. You hit the goblin.
You kill the goblin!
You barely miss the hobgoblin. The goblin barely misses you.
The goblin completely misses you. Jessica hits you but does no damage.
The goblin closely misses you. The hobgoblin closely misses you.
Unknown command.
You barely miss the goblin.
Your leather armour prevents you from hitting the goblin.
You closely miss the goblin. You hit Jessica.
You kill Jessica!
You have reached level 4!
You hit the hobgoblin.
You kill the hobgoblin!
You hit the hobgoblin. The goblin barely misses you. x2
Robin throws the goblin at you! The goblin hits you with a dagger.
The hobgoblin misses you.
Unknown command.
You slash the hobgoblin!
You kill the hobgoblin!
Your Axes skill increases to level 6!
You hit the goblin.
You kill the goblin!
You closely miss the goblin. x2; You hit the goblin.
The goblin closely misses you. Robin misses you.
The goblin hits you with a dagger.
You take 4 damage, and have 14/37 hp.
You now have 0/6 mp.
Unknown command.
You hit the goblin.
You kill the goblin!
You hit the goblin but do no damage. You hit the goblin.
You hit the hobgoblin but do no damage. The goblin hits you.
* * * LOW HITPOINT WARNING * * *
Robin hits you from afar with a spear.
* * * LOW HITPOINT WARNING * * *
The goblin hits you but does no damage.
You take 9 damage, and have 5/37 hp.
MASSIVE DAMAGE!!
You slash the hobgoblin!
You kill the hobgoblin!
You hit the goblin. x2
You kill the goblin!
You slash the goblin!
You kill the goblin!
Robin throws the goblin at you!
* * * LOW HITPOINT WARNING * * *
The goblin hits you.
You die...

.....######..#.# .....#
##.#.# .....#
#####...##### .....#
#...........# .....#
#......>....# .....#
#...(.....>.# .....#
#...........#
.....###.......g)).#
................@)g#
..........#######.g?....
..........# gg....#
..........# ......#
..........# ......#
..........# ......#
..........# ......#
..........# ......#


You could see Robin, 2 hobgoblins and 2 goblins.

Vanquished Creatures
  Jessica (D:2)
  A dart slug (D:1)
  3 leopard geckos
  2 ball pythons (D:1)
  5 giant cockroaches
  11 goblins
  7 hobgoblins
  6 kobolds
  A bat (D:1)
  11 frilled lizards
  3 rats
51 creatures vanquished.

Notes
Turn   | Place    | Note
-------+----------+-------------------------------------------
     0 | D:1      | Gorglomux the Hill Orc Skald began the quest for the Orb.
     0 | D:1      | Reached XP level 1. HP: 18/18 MP: 3/3
    42 | D:1      | Reached skill level 3 in Axes
    56 | D:1      | Reached XP level 2. HP: 10/25 MP: 4/4
   355 | D:1      | Reached skill level 4 in Axes
   597 | D:1      | Reached XP level 3. HP: 14/30 MP: 3/5
   614 | D:1      | HP: 6/30 [leopard gecko (2)]
   856 | D:1      | Learned a level 2 spell: Song of Slaying
  1043 | D:2      | Reached skill level 5 in Axes
  1233 | D:2      | Noticed Jessica
  1235 | D:2      | Noticed Robin
  1243 | D:2      | Killed Jessica
  1243 | D:2      | Reached XP level 4. HP: 21/37 MP: 0/6
  1244 | D:2      | Reached skill level 6 in Axes
  1245 | D:2      | HP: 8/37 [goblin (6)]
  1246 | D:2      | HP: 3/37 [Robin/goblin (3)]
  1246 | D:2      | Slain by a goblin

Vault maps used:
D:1:      elethiomel_arrival_shortcut, minmay_lizard_king
D:2:      first_bread, uniq_jessica, uniq_robin

Skill      XL: |  1  2  3  4 |
---------------+-------------+-----
Axes           | 3 4 5 6 |  6.1
Fighting       | |  2.4
Armour         | |  1.1
Dodging        | |  1.5
Spellcasting   | |  1.5
Charms         | |  2.6

Action                   |  1- 3 |  4- 6 || total
-------------------------+-------+-------++-------
Melee: Hand axe          |   144 |     3 ||   147
 Cast: Song of Slaying   |     6 |       ||     6
       Infusion          |     4 |       ||     4
  Eat: Chunk             |     2 |       ||     2
Armor: Leather armour    |    57 |       ||    57
Dodge: Dodged            |   101 |     5 ||   106

Vault maps used:
D:1:      elethiomel_arrival_shortcut, minmay_lizard_king
D:2:      first_bread, uniq_jessica, uniq_robin

Table legend:
 A = Turns spent in this place as a percentage of turns spent in the entire game.
 B = Non-inter-level travel turns spent in this place as a percentage of non-inter-level travel turns spent in the entire game.
 C = Inter-level travel turns spent in this place as a percentage of turns spent in this place.
 D = Turns resting spent in this place as a percentage of non-inter-level travel turns spent in this place.
 E = Turns spent auto-exploring this place as a percentage of non-inter-level travel turns spent in this place.
 F = Non-inter-level travel turns spent in this place divided by the number of levels of this place that you've seen.
                   A       B       C       D       E      F
               +-------+-------+-------+-------+-------+----------------------
         Total | 100.0 | 100.0 |   0.2 |   2.9 |   7.3 | 227.5
       Dungeon | 100.0 | 100.0 |   0.2 |   2.9 |   7.3 | 227.5
               +-------+-------+-------+-------+-------+----------------------

Table legend:
 A = Kills in this place as a percentage of kills in entire the game.
 B = Kills by you in this place as a percentage of kills by you in the entire game.
 C = Kills by friends in this place as a percentage of kills by friends in the entire game.
 D = Other kills in this place as a percentage of other kills in the entire game.
 E = Experience gained in this place as a percentage of experience gained in the entire game.
 F = Experience gained in this place divided by the number of levels of this place that you have seen.
                   A       B       C       D       E      F
               +-------+-------+-------+-------+-------+----------------------
         Total | 100.0 | 100.0 |  -nan |  -nan | 100.0 |  62.0
       Dungeon | 100.0 | 100.0 |  -nan |  -nan | 100.0 |  62.0
               +-------+-------+-------+-------+-------+----------------------
